 Dungeon Sprint DCSS version 0.27-a0-1319-geec4fb4e21 (webtiles) character file.

Game seed: 5725225498607415727

11356 mhtbhm the Sorcerer (level 11, 0/47 HPs)
             Began as a Spriggan Earth Elementalist on June 21, 2021.
             Was the Champion of Vehumet.
             Shot with an arrow by a deep elf master archer (47 damage)
             ... in the Dungeon (Sprint III: "The Ten Rune Challenge").
             The game lasted 00:07:17 (2595 turns).

mhtbhm the Sorcerer (Spriggan Earth Elementalist)   Turns: 2595, Time: 00:07:18

Health: 0/47       AC:  3    Str:  4    XL:     11   Next: 48%
Magic:  28/37      EV: 20    Int: 20    God:    Vehumet [******]
Gold:   2438       SH:  0    Dex: 16    Spells: 33/52 levels left

rFire    + . .     SeeInvis +   (weapon restricted)
rCold    + . .     Faith    .   (shield restricted)
rNeg     . . .     Spirit   .   b - +1 robe {rC+ rF+}
rPois    .         Reflect  .   (helmet restricted)
rElec    .         Harm     .   (no cloak)
rCorr    .         Rampage  .   (gloves unavailable)
Will     +....     NoTele   +   (boots unavailable)
Stlth    +++.......             (no amulet)
HPRegen  0.15/turn              (no ring)
MPRegen  0.25/turn              (no ring)

@: very quick
A: very small, no large weapons, unfitting armour, see invisible, speed 3
a: Renounce Religion


You were in the Dungeon.
You worshipped Vehumet.
Vehumet was exalted by your worship.
You visited 1 branch You collected 2438 gold pieces.

Inventory:

Missiles
 i - 9 stones
Armour
 b - a +1 robe of resistance (worn)
Wands
 o - a wand of iceblast (6)
Scrolls
 h - a scroll of blinking
 k - 2 scrolls of torment {unknown}
 l - 3 scrolls of identify
Potions
 a - a potion of lignification {unknown}
 c - 2 potions of curing
 d - a potion of heal wounds
 e - a potion of haste
 f - 2 potions of magic
 g - a potion of berserk rage
 j - 2 potions of mutation {unknown}
 m - 2 potions of might
 n - 2 potions of flight
Miscellaneous
 p - a lightning rod (4/4)


   Skills:
 + Level 6.3 Dodging
 + Level 6.5 Stealth
 + Level 21.1 Spellcasting
 + Level 2.7 Conjurations
 + Level 4.2 Transmutations
 + Level 17.3 Earth Magic
 + Level 4.3 Evocations


You had 33 spell levels left.
You knew the following spells:

 Your Spells              Type           Power      Damage    Failure   Level
a - Sandblast             Erth           100%       2d20      0%          1
b - Passwall              Tmut/Erth      49%        N/A       1%          2
c - Stone Arrow           Conj/Erth      100%       3d13      1%          3
d - Lee's Rapid Deconstr  Erth           37%        3d19*     1%          5
e - Petrify               Tmut/Erth      59%        N/A       1%          4
f - Sticky Flame          Conj/Fire      26%        2d5       3%          4

Your spell library contained the following spells:

 Spells                   Type           Power      Damage    Failure   Level
 Magic Dart               Conj           100%       1d8       1%          1
 Searing Ray              Conj           62%        3d5       1%          2
 Dazzling Flash           Conj/Hex       52%        N/A       1%          3
 Fulminant Prism          Conj/Hex       13%        3d9       3%          4
 Iskenderun's Mystic Bla  Conj/Tloc      26%        2d7       3%          4
 Confusing Touch          Hex            21%        N/A       7%          3
 Gell's Gravitas          Tloc           10%        N/A       7%          3
 Yara's Violent Unravell  Hex/Tmut       14%        3d7       7%          5
 Metabolic Englaciation   Hex/Ice        10%        N/A       52%         5


Dungeon Overview and Level Annotations

Branches:
Dungeon (1/1)

Altars:
Cheibriados
Dithmenos
Elyvilon
Fedhas
Gozag
Hepliaklqana
Kikubaaqudgha
Makhleb
Nemelex Xobeh
Okawaru
Qazlal
Ru
Sif Muna
Trog
Uskayaw
Vehumet
Wu Jian
Xom
Yredelemnul
Zin
The Shining One
Beogh
Jiyva
Lugonu

Shops:
D (


Innate Abilities, Weirdness & Mutations

You are very small and have problems with some larger weapons.
You are too small for most types of armour.
You have supernaturally acute eyesight. (SInv)
You cover ground extremely quickly. (Speed+++)


Message History

Casting: Lee's Rapid Deconstruction (safe; 1% risk of failure)
Confirm with . or Enter, or press ? or * to list all spells.
Aiming: Lee's Rapid Deconstruction (safe; 1% risk of failure)
Press: ? - help, Dir - move target A stone wall.
Okay, then.
You start resting.
You start resting.
You start resting.
You start resting.
Magic restored.
Unknown command.
The deep elf master archer shouts!
The deep elf master archer shoots an arrow.
The arrow closely misses you.
You start resting.
HP restored.
You aren't carrying any pieces of jewellery.
Unknown command.
Okay, then.
Unknown command.
Casting: Lee's Rapid Deconstruction (safe; 1% risk of failure)
Confirm with . or Enter, or press ? or * to list all spells.
Aiming: Petrify (safe; 1% risk of failure)
Press: ? - help, Shift-Dir - straight line, f - deep elf high priest
Aim: a deep elf high priest, wielding the +7 lajatang of Order {silver, rMut}, wearing the +0 plate armour of the Lion {rElec Dex+4 Stlth+} and wearing a ring of protection from fire (wandering, hasn't noticed you, chance to affect: 26%)
The deep elf high priest shouts!
The deep elf high priest easily resists.
Casting: Petrify (safe; 1% risk of failure)
Confirm with . or Enter, or press ? or * to list all spells.
Aiming: Lee's Rapid Deconstruction (safe; 1% risk of failure)
Press: ? - help, Dir - move target, p - deep elf high priest A stone wall.
The wall shatters!
The blast of rock fragments hits the deep elf master archer!!
The deep elf master archer is moderately wounded.
The deep elf master archer shoots an arrow.
The arrow hits you!!!
Ouch! That really hurt!
You die...

▓▓▓▓ ▓▓▓ ##..#
#.######### ###
########...'.#...# e..[
#.........##.#...##≈≈≈≈#
#........#.#.#...≈≈≈e..)
#)))..)..∩##)#).@##≈≈≈≈#
#)######..##.))..# .e'
#)# #....######### #
#'#####################
#)[..#.#.#..)..#.^....+
##)#))#.##.###)#^.^^^.#
'##.#.#.##.#.)##^...^.#
#...#..#..##..'.......#
▓▓▓▓▓▓▓▓▓▓▓▓▓▓#..^....#


You could see a deep elf master archer and a deep elf high priest.

Vanquished Creatures
  A deep elf annihilator (D)
  A deep elf death mage (D)
  Erolcha (D)
  3 orc high priests (D)
  An orc knight (D)
  2 orc sorcerers (D)
  A deep elf zephyrmancer (D)
  6 deep elf pyromancers (D)
  3 wandering mushrooms (D)
  A shadow (D)
  2 redbacks (D)
  A spatial vortex (D)
  3 orc warriors (D)
  A necrophage (D)
  5 two-headed ogres (D)
  A water elemental (D)
  A scorpion (D)
  An orc priest (D)
  A jelly (D)
  Jessica (D)
  A wizard (D)
  A necromancer (D)
  3 orc wizards (D)
  A kobold demonologist (D)
  3 humans (D)
  4 orcs (D)
  An endoplasm (D)
  A goblin (D)
  A rat (D)
53 creatures vanquished.

Vanquished Creatures (others)
  2 plants (D)
2 creatures vanquished.

Grand Total: 55 creatures vanquished

Notes
Turn   | Place    | Note
-------+----------+-------------------------------------------
     0 | D        | mhtbhm the Spriggan Earth Elementalist began the quest for
                  | the Orb.
     0 | D        | Reached XP level 1. HP: 9/9 MP: 5/5
     9 | D        | Reached skill level 3 in Spellcasting
    73 | D        | Noticed Jessica
    77 | D        | Killed Jessica
    78 | D        | Reached skill level 4 in Spellcasting
    78 | D        | Reached XP level 2. HP: 13/13 MP: 4/8
    84 | D        | Learned a level 2 spell: Passwall
   154 | D        | Noticed a scorpion
   162 | D        | Reached skill level 5 in Spellcasting
   162 | D        | Reached skill level 5 in Earth Magic
   162 | D        | Reached XP level 3. HP: 16/16 MP: 3/10
   219 | D        | Learned a level 3 spell: Stone Arrow
   222 | D        | Killed a scorpion
   223 | D        | Reached skill level 6 in Spellcasting
   223 | D        | Reached XP level 4. HP: 21/21 MP: 7/13
   271 | D        | Noticed a water elemental
   275 | D        | Killed a water elemental
   276 | D        | Reached skill level 5 in Dodging
   276 | D        | Reached skill level 5 in Stealth
   276 | D        | Reached skill level 7 in Spellcasting
   276 | D        | Reached XP level 5. HP: 24/24 MP: 6/16
   349 | D        | Learned a level 5 spell: Lee's Rapid Deconstruction
   354 | D        | Learned a level 4 spell: Petrify
   358 | D        | Found a radiant altar of Vehumet.
   361 | D        | Reached skill level 8 in Spellcasting
   361 | D        | Found a shimmering blue altar of Sif Muna.
   361 | D        | Found an ancient bone altar of Kikubaaqudgha.
   448 | D        | Became a worshipper of Vehumet
   467 | D        | Found a basalt altar of Yredelemnul.
   467 | D        | Found a shadowy altar of Dithmenos.
   467 | D        | Found a sacrificial altar of Ru.
   467 | D        | Noticed a necrophage
   470 | D        | Killed a necrophage
   471 | D        | Reached skill level 9 in Spellcasting
   471 | D        | Reached XP level 6. HP: 28/28 MP: 0/19
   590 | D        | Found a glowing silver altar of Zin.
   590 | D        | Found a glowing golden altar of the Shining One.
   590 | D        | Found a white marble altar of Elyvilon.
   590 | D        | Noticed a deep elf pyromancer
   592 | D        | Killed a deep elf pyromancer
   592 | D        | Reached * piety under Vehumet
   592 | D        | Offered knowledge of Foxfire by Vehumet.
   593 | D        | Reached skill level 12 in Spellcasting
   593 | D        | Reached skill level 1 in Conjurations
   593 | D        | Reached skill level 10 in Earth Magic
   593 | D        | Reached XP level 7. HP: 32/32 MP: 9/23
   674 | D        | Found a hide-covered altar of Uskayaw.
   674 | D        | Found an iron altar of Okawaru.
   674 | D        | Found a bloodstained altar of Trog.
   674 | D        | Found an ornate altar of the Wu Jian Council.
   674 | D        | Noticed a human
   674 | D        | Noticed a human
   676 | D        | Killed a human
   677 | D        | Killed a human
   769 | D        | Reached ** piety under Vehumet
   769 | D        | Offered knowledge of Shock by Vehumet.
   769 | D        | Noticed a shadow
   770 | D        | Reached skill level 13 in Spellcasting
   770 | D        | Reached XP level 8. HP: 36/36 MP: 21/26
   949 | D        | Found a blossoming altar of Fedhas.
   949 | D        | Found a stormy altar of Qazlal.
   949 | D        | Found a snail-covered altar of Cheibriados.
   949 | D        | Found a burning altar of Makhleb.
   949 | D        | Found a shimmering altar of Xom.
   950 | D        | Found a hazy altar of Hepliaklqana.
   950 | D        | Found an opulent altar of Gozag.
   950 | D        | Found a sparkling altar of Nemelex Xobeh.
   950 | D        | Found a corrupted altar of Lugonu.
   950 | D        | Found a viscous altar of Jiyva.
   955 | D        | Offered knowledge of Static Discharge by Vehumet.
  1064 | D        | Reached *** piety under Vehumet
  1065 | D        | Reached skill level 14 in Spellcasting
  1179 | D        | Noticed a two-headed ogre
  1179 | D        | Noticed Erolcha
  1180 | D        | Noticed a two-headed ogre
  1182 | D        | Offered knowledge of Hailstorm by Vehumet.
  1183 | D        | Killed Erolcha
  1184 | D        | Reached skill level 16 in Spellcasting
  1184 | D        | Reached XP level 9. HP: 39/39 MP: 7/30
  1187 | D        | Killed a two-headed ogre
  1187 | D        | Reached **** piety under Vehumet
  1192 | D        | Killed a two-headed ogre
  1413 | D        | Noticed a wandering mushroom
  1418 | D        | Noticed a wandering mushroom
  1422 | D        | Killed a wandering mushroom
  1422 | D        | Offered knowledge of Ignite Poison by Vehumet.
  1423 | D        | Reached skill level 17 in Spellcasting
  1423 | D        | Noticed a wandering mushroom
  1428 | D        | Killed a wandering mushroom
  1434 | D        | Killed a wandering mushroom
  1434 | D        | Reached ***** piety under Vehumet
  1570 | D        | Noticed an orc high priest
  1573 | D        | Offered knowledge of Eringya's Noxious Bog by Vehumet.
  1573 | D        | Killed an orc high priest
  1574 | D        | Reached XP level 10. HP: 44/44 MP: 23/32
  1577 | D        | Reached skill level 15 in Earth Magic
  1580 | D        | Noticed an orc knight
  1581 | D        | Noticed an orc high priest
  1586 | D        | Killed an orc high priest
  1587 | D        | Reached skill level 18 in Spellcasting
  1588 | D        | Noticed an orc sorcerer
  1589 | D        | Killed an orc knight
  1590 | D        | Killed an orc sorcerer
  1593 | D        | Noticed an orc sorcerer
  1594 | D        | Killed an orc sorcerer
  1595 | D        | Reached skill level 1 in Evocations
  1672 | D        | Found Zegut's Antique Weapon Shop.
  1673 | D        | Noticed an orc high priest
  1678 | D        | Killed an orc high priest
  1679 | D        | Reached skill level 19 in Spellcasting
  1862 | D        | Noticed a deep elf pyromancer
  1862 | D        | Noticed a deep elf pyromancer
  1862 | D        | Noticed a deep elf pyromancer
  1862 | D        | Noticed a deep elf pyromancer
  1862 | D        | Noticed a deep elf zephyrmancer
  1872 | D        | Killed a deep elf zephyrmancer
  1873 | D        | Killed a deep elf pyromancer
  1873 | D        | Offered knowledge of Sticky Flame by Vehumet.
  1873 | D        | Reached ****** piety under Vehumet
  1874 | D        | Reached XP level 11. HP: 47/47 MP: 20/35
  1874 | D        | Killed a deep elf pyromancer
  1875 | D        | Killed a deep elf pyromancer
  1875 | D        | Killed a deep elf pyromancer
  1876 | D        | Reached skill level 20 in Spellcasting
  1962 | D        | Noticed a deep elf pyromancer
  1969 | D        | Learned a level 4 spell: Sticky Flame
  1970 | D        | Noticed a deep elf demonologist
  1971 | D        | Noticed a deep elf death mage
  1971 | D        | Killed a deep elf pyromancer
  1971 | D        | Noticed a deep elf annihilator
  1972 | D        | Killed a deep elf death mage
  1972 | D        | Noticed a Brimstone Fiend
  2065 | D        | Noticed a deep elf annihilator
  2278 | D        | Noticed a deep elf master archer
  2278 | D        | Identified the +0 plate armour of the Lion {rElec Dex+4
                  | Stlth+}
  2278 | D        | Noticed a deep elf high priest
  2292 | D        | Killed a deep elf annihilator
  2293 | D        | Reached skill level 21 in Spellcasting
  2430 | D        | Noticed a hell beast
  2595 | D        | Shot with an arrow by a deep elf master archer

Illustrated notes

Levels and vault maps discovered:
D:        dungeon_sprint_mu [sprint_mu_entry_cave, sprint_mu_temple_rooms,
          sprint_mu_d1_spiders, sprint_mu_d2_genie, sprint_mu_d3_branching,
          sprint_mu_orc_legion, sprint_mu_elf_gauntlet, sprint_mu_hive_nellie,
          sprint_mu_lair_fedhas, sprint_mu_vaults_butterflies,
          sprint_mu_slime_circle, sprint_mu_swamp_cave, sprint_mu_shoals_archi,
          sprint_mu_blade_basic, sprint_mu_crypt_lich, sprint_mu_tomb_spiral,
          sprint_mu_vestibule_basic, sprint_mu_gehenna_hellfire,
          sprint_mu_dis_giant, sprint_mu_tartarus_statrot,
          sprint_mu_cocytus_islands, sprint_mu_zot1]

Skill      XL: |  1  2  3  4  5  6  7  8  9 10 11 |
---------------+----------------------------------+-----
Spellcasting   | 4 5 6 7 9 12 13 16 17 19 21 | 21.1
Earth Magic    | 4 5 6 7 9 10 11 13 14 16 17 | 17.3
Dodging        | 3 4 5 6 |  6.3
Stealth        | 4 5 6 |  6.5
Transmutations | 2 3 4 |  4.2
Conjurations   | 1 2 |  2.7
Evocations     | 3 4 |  4.3

Action                   |  1- 3 |  4- 6 |  7- 9 | 10-12 || total
-------------------------+-------+-------+-------+-------++-------
 Cast: Sandblast         |    10 |     1 |     9 |     1 ||    21
       Passwall          |     1 |       |       |     4 ||     5
       Stone Arrow       |     1 |     2 |     9 |     1 ||    13
       Lee's Rapid Decon |       |     7 |    23 |    31 ||    61
       Petrify           |       |       |       |     2 ||     2
Evoke: Lightning rod     |       |       |       |     6 ||     6
       Wand              |       |       |       |     1 ||     1
  Use: Potion            |       |       |       |     2 ||     2
Armor: Robe              |       |     1 |       |       ||     1
Dodge: Dodged            |     1 |     1 |     7 |     2 ||    11

Table legend: (Time is in decaauts)
 A = Elapsed time spent in this place.
 B = Non-inter-level travel time spent in this place.
 C = Inter-level travel time spent in this place.
 D = Time resting spent in this place.
 E = Time spent auto-exploring this place.
 F = Levels seen in this place.
 G = Mean time per level.
                   A        B        C        D        E       F      G
               +--------+--------+--------+--------+--------+-----+--------+
         Total |   2420 |   2420 |      0 |   1932 |     42 |   1 | 2420.0 |
       Dungeon |   2420 |   2420 |      0 |   1932 |     42 |   1 | 2420.0 |
               +--------+--------+--------+--------+--------+-----+--------+

Top non-repeatable levels by time:
       D: 2420 daAuts
